 Dungeon Crawl Stone Soup version 0.20.1-1-g8b1a95d (webtiles) character file.

148 digijack the Magician (level 5, -2/28 HPs)
             Began as a Deep Elf Wanderer on Nov 28, 2017.
             Slain by a hound skeleton (3 damage)
             ... on level 4 of the Dungeon.
             The game lasted 00:25:00 (4537 turns).

digijack the Magician (Deep Elf Wanderer)           Turns: 4537, Time: 00:25:00

Health: -2/28      AC:  4    Str:  9    XL:     5   Next: 8%
Magic:  2/14       EV: 11    Int: 16    God:
Gold:   130        SH:  0    Dex: 19    Spells: 5/14 levels left

rFire    . . .     SeeInvis .   e - +0 dagger
rCold    . . .     Gourm    .   (no shield)
rNeg     . . .     Faith    .   d - +0 robe
rPois    .         Spirit   .   (no helmet)
rElec    .         Reflect  .   (no cloak)
rCorr    .         Harm     .   (no gloves)
MR       +....                  (no boots)
Stlth    +++.......             (no amulet)
Regen    0.1/turn               b - +3 ring of dexterity
MPRegen  0.2/turn               k - ring of protection from magic

@: flying
A: molten scales 1, mutation resistance 1
a: no special abilities


You were on level 4 of the Dungeon.
You were hungry.

You visited 1 branch of the dungeon, and saw 4 of its levels.

You collected 130 gold pieces.

Inventory:

Hand Weapons
 e - a +0 dagger (weapon)
Armour
 d - a +0 robe (worn)
Jewellery
 b - a +3 ring of dexterity (left hand)
 k - a ring of protection from magic (right hand)
Wands
 l - a wand of lightning (15/15)
Scrolls
 h - a scroll of recharging
 i - a scroll of remove curse
 o - a scroll of identify
Potions
 j - a potion of curing
 m - a potion of agility
Books
 a - a book of Minor Magic

   Spells                             Type                      Level
   a - Magic Dart                     Conjuration                  1
   b - Blink                          Translocation                2
   c - Call Imp                       Summoning                    2
   d - Slow                           Hexes                        2
   e - Conjure Flame                  Conjuration/Fire             3
   f - Mephitic Cloud                 Conjuration/Poison/Air       3
 c - the Tome of the Voyage

   Spells                             Type                      Level
   a - Apportation                    Translocation                1
   b - Gell's Gravitas                Translocation                3
Comestibles
 f - 3 bread rations
 g - 2 royal jellies


   Skills:
 + Level 2.0 Short Blades
 + Level 4.2 Stealth
 + Level 5.3 Spellcasting
 + Level 2.9 Conjurations
   Level 1.2 Necromancy
 - Level 1.1 Translocations
   Level 2.1 Transmutations


You had 5 spell levels left.
You knew the following spells:

 Your Spells              Type           Power        Failure   Level  Hunger
a - Magic Dart            Conj           ##..         4%          1    None
b - Blink                 Tloc           N/A          14%         2    #......
c - Gell's Gravitas       Tloc           #.........   28%         3    ###....
d - Mephitic Cloud        Conj/Pois/Air  #.......     30%         3    ###....


Dungeon Overview and Level Annotations

Branches:
Dungeon (4/15)
 Temple: D:4-7

Altars:

Annotations:
D:4 Lanoc's ghost, amateur OpMo


Innate Abilities, Weirdness & Mutations

You are partially covered in molten scales. (AC +2)
You are somewhat resistant to further mutation.


Message History

The hound skeleton closely misses you. Lanoc's ghost hits you.
* * * LOW HITPOINT WARNING * * *
You hit the hound skeleton.
The hound skeleton is moderately damaged.
The hound skeleton closely misses you.
Lanoc's ghost hits you but does no damage.
You barely miss the hound skeleton.
The hound skeleton is moderately damaged.
The hound skeleton closely misses you.
You barely miss the hound skeleton.
The hound skeleton is moderately damaged.
The hound skeleton barely misses you. Lanoc's ghost hits you.
* * * LOW HITPOINT WARNING * * *
The hound skeleton closely misses you.
You hit the hound skeleton.
The hound skeleton is heavily damaged.
Lanoc's ghost hits you.
* * * LOW HITPOINT WARNING * * *
The hound skeleton bites you.
You die...

########....#
#...#,#.#,* #....#
#...#...*,*
###....###.:.....,,*
#......o....#######*****
#......o..ow.......,,,,*
#.........#F######****,*
#.........#o# *,*
#........S#W# *,*
#.........#@# *,*
#.........#Z# *,*
#.........#.# *,*
*,,.......#.# *,*
*,,,,,,,,,#.# *,*
********,*#.# *,* *,,#.#
*,* ***** **,#.# *,*
,,,,* *,,,* *,*


You could see a bullfrog, Lanoc's ghost, a dart slug, 2 orcs and a hound
skeleton.

Vanquished Creatures
  Jessica (D:2)
  3 adders
  An ooze (D:1)
  3 worms
  6 dart slugs
  2 leopard geckos
  2 orcs (D:4)
  3 bats
  5 giant cockroaches
  4 goblins
  9 hobgoblins
  7 jackals
  5 kobolds
  A quokka (D:3)
  A ball python (D:2)
  5 frilled lizards
  6 rats
64 creatures vanquished.

Notes
Turn   | Place    | Note
-------+----------+-------------------------------------------
     0 | D:1      | digijack the Deep Elf Wanderer began the quest for the Orb.
     0 | D:1      | digijack set off with: a book of Minor Magic, a potion of lignification, the Tome of the Voyage, a +0 robe, a +0 dagger, a bread ration
     0 | D:1      | Reached XP level 1. HP: 10/10 MP: 7/7
     2 | D:1      | Learned a level 1 spell: Magic Dart
   348 | D:1      | Reached XP level 2. HP: 8/15 MP: 0/9
   352 | D:1      | Learned a level 2 spell: Blink
  1172 | D:1      | Reached XP level 3. HP: 18/19 MP: 3/11
  1180 | D:1      | Learned a level 3 spell: Gell's Gravitas
  1184 | D:1      | Learned a level 3 spell: Mephitic Cloud
  1380 | D:1      | Reached skill level 1 in Short Blades
  1938 | D:2      | Gained mutation: You are somewhat resistant to further mutation. [potion of mutation]
  1938 | D:2      | Gained mutation: You are partially covered in molten scales. (AC +2) [potion of mutation]
  2558 | D:2      | Noticed Jessica
  2565 | D:2      | Killed Jessica
  2565 | D:2      | Reached skill level 5 in Spellcasting
  2565 | D:2      | Reached XP level 4. HP: 18/24 MP: 0/13
  4415 | D:4      | Noticed Lanoc's ghost (amateur OpMo)
  4420 | D:4      | Reached XP level 5. HP: 19/28 MP: 0/14
  4537 | D:4      | HP: 1/28 [Lanoc's ghost (5)]
  4537 | D:4      | Slain by a hound skeleton

Skill      XL: |  1  2  3  4  5 |
---------------+----------------+-----
Conjurations   | 2 |  2.9
Stealth        | 3 4 |  4.2
Short Blades   | 1 2 |  2.0
Spellcasting   | 5 |  5.3
Necromancy     | |  1.2
Translocations | |  1.1
Transmutations | |  2.1

Action                   |  1- 3 |  4- 6 || total
-------------------------+-------+-------++-------
Melee: Dagger            |    26 |    26 ||    52
 Cast: Magic Dart        |   106 |    99 ||   205
       Blink             |     5 |       ||     5
       Gell's Gravitas   |     3 |     6 ||     9
       Mephitic Cloud    |     3 |     2 ||     5
  Use: Potion            |     5 |     3 ||     8
       Scroll            |     4 |     5 ||     9
  Eat: Chunk             |     3 |     2 ||     5
       Bread ration      |     1 |       ||     1
       Royal jelly       |       |     1 ||     1
Armor: Robe              |    20 |    13 ||    33
Dodge: Dodged            |    68 |    30 ||    98
